 Dungeon Crawl Stone Soup version 0.29-a0-284-gf9362112df (webtiles) character file.

Game seed: 14704331185228964400

123 sammy202020 the Skirmisher (level 4, -9/35 HPs)
             Began as a Palentonga Fighter on Mar 20, 2022.
             Was an Initiate of Okawaru.
             Mangled by Menkaure (16 damage)
             ... on level 4 of the Dungeon.
             The game lasted 00:05:46 (2632 turns).

sammy202020 the Skirmisher (Palentonga Fighter)     Turns: 2632, Time: 00:05:47

Health: -9/35      AC:  8    Str: 20    XL:     4   Next: 80%
Magic:  4/4        EV:  8    Int: 12    God:    Okawaru [......]
Gold:   123        SH:  4    Dex:  9    Spells: 3/3 levels left

rFire   . . .      SeeInvis +   a - +2 flail
rCold   + . .      Faith    .   c - +0 buckler
rNeg    . . .      Spirit   .   p - +2 ring mail {rC+}
rPois   .          Reflect  .   (no helmet)
rElec   .          Harm     .   b - scarf {+Inv}
rCorr   .          Rampage  .   (no gloves)
Will    +....                   (no barding)
Stlth   ..........              (no amulet)
HPRegen 0.91/turn               i - ring of willpower
MPRegen 0.09/turn               (no ring)

@: no status effects
A: large, rugged brown scales 3, see invisible, deformed body, roll 1, armoured
tail, clever 1, frail 1, regeneration 1, MP-powered wands
a: Rolling Charge, Renounce Religion, Evoke Invisibility


You were on level 4 of the Dungeon.
You worshipped Okawaru.
Okawaru was noncommittal.
You visited 1 branch of the dungeon, and saw 4 of its levels.

You collected 123 gold pieces.

Inventory:

Hand Weapons
 a - a +2 flail (weapon)
Armour
 b - a scarf of invisibility (worn)
 c - a +0 buckler (worn)
 f - a +0 chain mail
 p - a +2 ring mail of cold resistance (worn)
Jewellery
 i - a ring of willpower (left hand)
Wands
 l - a wand of iceblast (4)
Potions
 e - a potion of mutation
 k - 4 potions of brilliance
 n - a potion of invisibility
 q - a potion of resistance {unknown}


   Skills:
 + Level 3.8 Fighting
 + Level 3.0 Maces & Flails
 + Level 3.1 Armour
 + Level 3.0 Shields


You had 3 spell levels left.
You didn't know any spells.
Your spell library contained the following spells:

 Spells                   Type           Power      Damage    Failure   Level
 Shock                    Conj/Air       0%         1d3       56%         1
 Swiftness                Air            0%         N/A       90%         3
 Airstrike                Air            0%         N/A       100%        4
 Passage of Golubria      Tloc           0%         N/A       100%        4
 Yara's Violent Unravell  Hex/Tmut       0%         3d3       100%        5
 Tukima's Dance           Hex            Unusable   N/A       N/A         3

Dungeon Overview and Level Annotations

Branches:
Dungeon (4/15)
 Temple: D:4-7

Altars:
Okawaru

Shops:
D:3 (

Annotations:
D:4 Menkaure


Innate Abilities, Weirdness & Mutations

You are completely covered in rugged brown scales. (AC +3, +7% HP)
You have supernaturally acute eyesight. (SInv)
Armour fits poorly on your strangely shaped body.
You can roll at nearby foes to attack.
You have a long armoured tail.
Your mind is acute. (Int +2)
You are frail. (-10% HP)
Your natural rate of healing is unusually fast.
You expend magic power (3 MP) to strengthen your wands.


Message History

Menkaure points at you and mumbles some strange words.
Pain shoots through your body! The endoplasm freezes you.
You are frozen.
You resist.
You hit the endoplasm. You tail-slap the endoplasm.
You kill the endoplasm!
Okawaru accepts your kill.
Found a scroll labelled ADOPOEVOT.
You block Menkaure's attack.
You sock Menkaure!
Menkaure is moderately damaged.
Menkaure calls on the powers of darkness!
Your body is wracked with pain!
You barely miss Menkaure.
Menkaure is moderately damaged.
Menkaure hits you but does no damage.
You barely miss Menkaure.
Menkaure is moderately damaged.
Menkaure hits you!
You are too injured to fight recklessly!
You are too injured to fight recklessly!
You are too injured to fight recklessly!
You are too injured to fight recklessly!
You are too injured to fight recklessly!
You are too injured to fight recklessly!
You are too injured to fight recklessly!
You are too injured to fight recklessly!
You are too injured to fight recklessly!
You are too injured to fight recklessly!
You are too injured to fight recklessly!
Okay, then.
Okay, then.
You hit Menkaure.
Menkaure is heavily damaged.
Menkaure points at you and mumbles some strange words.
Pain shoots through your body!
* * * LOW HITPOINT WARNING * * *
You barely miss Menkaure.
Your tail-slap misses Menkaure.
Menkaure is heavily damaged.
Menkaure hits you!
You die...

#.#### #.#..
###.#.# ...#.#
....# ###..#
#....#####.#
#@...<.....#
#....M........###
#.....#.....#.##
#.....#.....#.#
#....J....### #
...?..#####
#.##.# #. #.


You could see Menkaure.

Vanquished Creatures
  6 adders
  A worm (D:2)
  2 orcs (D:3)
  5 ball pythons
  4 bats
  7 endoplasms
  4 giant cockroaches
  8 goblins
  8 hobgoblins
  5 jackals
  A quokka (D:2)
  2 frilled lizards
  2 kobolds
  3 rats
58 creatures vanquished.

Notes
Turn   | Place    | Note
-------+----------+-------------------------------------------
     0 | D:1      | sammy202020 the Palentonga Fighter began the quest for the
                  | Orb.
     0 | D:1      | Reached XP level 1. HP: 19/19 MP: 1/1
   243 | D:1      | Reached XP level 2. HP: 23/25 MP: 2/2
   980 | D:2      | Reached XP level 3. HP: 31/31 MP: 3/3
  1088 | D:2      | Found a faded altar of an unknown god.
  1222 | D:2      | Reached XP level 4. HP: 37/37 MP: 4/4
  1314 | D:2      | Found an iron altar of Okawaru.
  1327 | D:2      | Became a worshipper of Warmaster Okawaru
  1832 | D:3      | Found Luxzoeh's Weapon Shoppe.
  2189 | D:3      | Gained mutation: Your natural rate of healing is unusually
                  | fast. [potion of mutation]
  2189 | D:3      | Gained mutation: Your mind is acute. (Int +2) [potion of
                  | mutation]
  2189 | D:3      | Gained mutation: You are frail. (-10% HP) [potion of
                  | mutation]
  2189 | D:3      | Gained mutation: You expend magic power (3 MP) to
                  | strengthen your wands. [potion of mutation]
  2621 | D:4      | Noticed Menkaure
  2632 | D:4      | Mangled by Menkaure

Illustrated notes

Levels and vault maps discovered:
D:1:      onia_arrival_pyramid, layout_loops_ring, palyth_stone_intersect
D:2:      layout_basic, ebering_ecumenical_altar_box, basic_altar,
          amethyst_killhole
D:3:      layout_basic, serial_shops, nicolae_diamond_shop, kennysheep_doodads
D:4:      layout_loops_ring, serial_shops, nicolae_lakefront_shop,
          lightli_ossuary_entry_decrepit_ruins, uniq_menkaure

Skill      XL: |  1  2  3  4 |
---------------+-------------+-----
Armour         | 3 |  3.1
Shields        | 3 |  3.0
Maces & Flails | 3 |  3.0
Fighting       | |  3.8

Action                   |  1- 3 |  4- 6 || total
-------------------------+-------+-------++-------
Melee: Flail             |    76 |    90 ||   166
       Tailslap          |    11 |    11 ||    22
 Abil: Rolling Charge    |       |     3 ||     3
  Use: Scroll            |       |     9 ||     9
       Potion            |       |     2 ||     2
Armor: Chain mail        |    74 |    60 ||   134
       Ring mail         |       |    21 ||    21
Dodge: Dodged            |    30 |    37 ||    67
Block: Buckler           |    18 |    23 ||    41

Table legend: (Time is in decaauts)
 A = Elapsed time spent in this place.
 B = Non-inter-level travel time spent in this place.
 C = Inter-level travel time spent in this place.
 D = Time resting spent in this place.
 E = Time spent auto-exploring this place.
 F = Levels seen in this place.
 G = Mean time per level.
                   A        B        C        D        E       F      G
               +--------+--------+--------+--------+--------+-----+--------+
         Total |   2679 |   2632 |     47 |      0 |   2128 |   4 |  669.8 |
       Dungeon |   2679 |   2632 |     47 |      0 |   2128 |   4 |  669.8 |
               +--------+--------+--------+--------+--------+-----+--------+

Top non-repeatable levels by time:
     D:2: 959 daAuts
     D:1: 907 daAuts
     D:3: 798 daAuts
     D:4: 14 daAuts
